 Dungeon Crawl Stone Soup version 0.32-a0-132-g2d33c3cfaf (webtiles) character file.

Game seed: 11866971709071570088

1317 zeratav the Mimic (level 8, -3/55 HPs)
             Began as an Octopode Shapeshifter on Feb 10, 2024.
             Slain by a sky beast (4 damage)
             ... on level 6 of the Dungeon.
             The game lasted 00:09:19 (5528 turns).

zeratav the Mimic (Octopode Shapeshifter)           Turns: 5528, Time: 00:09:20

Health: -3/55      AC:  1    Str: 15    XL:     8   Next: 59%
Magic:  0/8        EV: 18    Int: 13    God:
Gold:   277        SH:  0    Dex: 11    Spells: 7/7 levels left

rFire   . .          .
                       - Unarmed
rCold   . . .        (no shield)
rNeg    . . .        (helmet currently unavailable)
rPois   .            g - amulet of guardian spirit
rElec   .            l - +5 ring of evasion
rCorr   .            (no ring)
SInv    .            (no ring)
Will    .....        (no ring)
Stlth   ++++         (no ring)
HPRegen 0.29/turn    (no ring)
MPRegen 0.11/turn    (no ring)
                     (no ring)

%: guardian spirit
@: beast-form
A: beast (slay +4), almost no armour, amphibious, 8 rings, camouflage 1,
gelatinous body 1, (nimble swimmer 1), tentacles
a: Begin Untransformation


You were on level 6 of the Dungeon.
You were a hulking beast.
You visited 1 branch of the dungeon, and saw 6 of its levels.
You also visited: Sewer.

You collected 277 gold pieces.


Innate Abilities, Weirdness & Mutations

You are a hulking beast.
Your limbs bulge with bestial killing power. (Slay +4)
You cannot wear most types of armour.
You are amphibious.
You can wear up to eight rings at the same time.
Your skin changes colour to match your surroundings (Stealth+).
Your rubbery body absorbs attacks. (AC +1, EV +1)
((You are camouflaged when in or above water. (Stealth+)))
You have tentacles for arms and can constrict up to eight enemies at once.


   Skills:
 - Level 5.0 Fighting
 - Level 2.0 Dodging
 - Level 5.0 Stealth
 - Level 3.0 Unarmed Combat
 + Level 8.0 Shapeshifting


You had 7 spell levels left.
You didn't know any spells.
Your spell library contained the following spells:

 Spells                   Type           Power      Damage    Failure   Level
 Freeze                   Ice            0%         1d3       30%         1
 Shock                    Conj/Air       0%         1d3       30%         1
 Sting                    Conj/Alch      0%         1d3       30%         1
 Mercury Vapours          Alch/Air       0%         N/A       43%         2
 Hailstorm                Conj/Ice       0%         3d5       67%         3
 Olgreb's Toxic Radiance  Alch           0%         N/A       97%         4

Inventory:

Missiles
 v - 2 curare-tipped darts {=fthrowing}
 y - 10 poisoned darts {throwing}
Jewellery
 g - an amulet of guardian spirit (around mantle)
   (You found it on level 1 of the Dungeon)
 l - a +5 ring of evasion (left tentacle)
   (You found it on level 3 of the Dungeon)
 q - a ring of fire
   (You found it on level 5 of the Dungeon)
Talismans
 b - a beast talisman
 c - a flux talisman
Wands
 o - a wand of paralysis (26)
   (You found it on level 4 of the Dungeon)
 u - a wand of mindburst (16)
   (You found it on level 5 of the Dungeon)
Scrolls
 d - 8 scrolls of identify {unknown}
 f - 3 scrolls of vulnerability {unknown}
 m - a scroll of butterflies {unknown}
 p - 2 scrolls of revelation {unknown}
 r - a scroll of teleportation {unknown}
 A - a scroll of blinking {unknown}
Potions
 a - 2 potions of lignification {!q}
 e - 3 potions of magic {unknown}
 h - 2 potions of attraction {unknown}
 j - a potion of degeneration {unknown}
 k - 2 potions of curing {unknown}
 n - 2 potions of might {unknown}
 s - 3 potions of heal wounds {unknown}
 t - a potion of mutation {unknown}
 w - a potion of brilliance {unknown}
 x - a potion of haste {unknown}
 z - a potion of invisibility {unknown}

Dungeon Overview and Level Annotations

Branches:
Dungeon (6/15) Zot: 26835   Sewer (visited)
 Temple: D:4-7

Altars:
Nemelex Xobeh
Ru
Wu Jian
Zin

Shops:
D:6 ?

Annotations:
D:4 exclusions: downstairs and ogre

#............ .#
#............ ...
#####....########
#.# #........#
#..#+##........+
##..............#
.....g..........#
.......{........#
#.....h........+
##.....#+##....#
##<...+ #......
#....# #.......
#....# )s.....
###### .....


You could see a gnoll sergeant (blind, unable to see you).


Message History

Aiming: Bolt of Light
Press: ? - help, Q - select action, (/) - cycle Shift-Dir - straight line, f - black bear
Aim: a black bear (79% to hit)
The bolt of light hits the black bear!
The black bear is blinded.
You tentacle-slap the black bear. You grab the black bear.
You tentacle-slap the black bear.
You kill the black bear!
HP[+1]
You open the door.
There is an open door here.
HP[+1] HP[+1] MP[+1] HP[+1]
A sleepcap comes into view.
HP[+1]
A scorpion comes into view.
Found a hand axe.
Found a stone staircase leading up.
MP[+1]
Your mp is fully restored (8).
A sky beast comes into view.
HP[+1]
You tentacle-slap the sleepcap. You grab the sleepcap.
You constrict the sleepcap. The sleepcap releases spores at you.
You are engulfed in a cloud of soporific spores!
You fall asleep.
You lose your grip on the sleepcap.
You hear the slow hiss of a very distant avalanche of sand.
The sleepcap releases spores at you!!
You wake up.
HP[-17] MP[-3]
You take 17 damage, and now have 33/55 hp.
MASSIVE DAMAGE!! (PAUSE)
You lost 3 mp, and now have 5/8 mp.
You tentacle-slap the sleepcap but do no damage.
You grab the sleepcap. You tentacle-slap the sleepcap.
You squeeze the sleepcap!
You constrict the sleepcap, but do no damage.
The sleepcap closely misses you.
You tentacle-slap the sleepcap but do no damage.
You constrict the sleepcap. The sleepcap completely misses you.
You tentacle-slap the sleepcap.
You destroy the sleepcap!
The sky beast completely misses you.
Your Shapeshifting skill increases to level 8!
Aiming: Bolt of Light
Press: ? - help, Q - select action, (/) - cycle Shift-Dir - straight line, f - sky beast
Aim: a sky beast (60% to hit)
The bolt of light hits the sky beast!
The sky beast is blinded.
You hear a shout!
The sky beast misses you.
HP[+1]
You tentacle-slap the sky beast but do no damage.
A gnoll sergeant comes into view. It is wielding a +0 spear.
You barely miss the sky beast. Your squeeze misses the sky beast.
You strike the helpless sky beast from behind!
You tentacle-slap the sky beast. The sky beast closely misses you.
You closely miss the sky beast.
The sky beast flickers out of sight!
Deactivating autopickup; reactivate with Ctrl-A.
Something hits you. Something shocks you.
* * * LOW HITPOINT WARNING * * *
HP[-7]
You take 7 damage, and now have 27/55 hp.
You barely miss something.
Your tentacle-slap misses something.
Something hits you.
* * * LOW HITPOINT WARNING * * *
Something shocks you.
* * * LOW HITPOINT WARNING * * *
HP[-8] MP[-1]
You take 8 damage, and now have 19/55 hp.
You lost 1 mp, and now have 4/8 mp.
You miss something. Your squeeze misses something. Something hits you.
* * * LOW HITPOINT WARNING * * *
Something shocks you.
* * * LOW HITPOINT WARNING * * *
HP[-9] MP[-2]
You take 9 damage, and now have 10/55 hp.
You lost 2 mp, and now have 2/8 mp.
You tentacle-slap something. Something hits you.
* * * LOW HITPOINT WARNING * * *
Something shocks you.
* * * LOW HITPOINT WARNING * * *
HP[-5] MP[-1]
You take 5 damage, and now have 5/55 hp.
You lost 1 mp, and now have 1/8 mp.
Aiming: Bolt of Light
Press: ? - help, Q - select action, (/) - cycle Shift-Dir - straight line Something barely misses you.
The gnoll sergeant hits you from afar with a +0 spear.
* * * LOW HITPOINT WARNING * * *
HP[-4] MP[-1]
You take 4 damage, and now have 1/55 hp.
You lost 1 mp, and now have 0/8 mp.
Aiming: Bolt of Light
Press: ? - help, Q - select action, (/) - cycle Shift-Dir - straight line, f - gnoll sergeant
Aim: a gnoll sergeant, wielding a +0 spear, wearing a +0 ring mail and wearing a +0 kite shield (83% to hit)
The bolt of light hits the gnoll sergeant!
The gnoll sergeant is blinded.
The now-empty wand crumbles to dust.
You hear a shout!
Something hits you.
You die...

Skill      XL: |  1  2  3  4  5  6  7  8 |
---------------+-------------------------+-----
Stealth        | 2 3 5 |  5.0
Fighting       | 2 4 5 |  5.0
Shapeshifting  | 4 6 8 |  8.0
Dodging        | |  2.0
Unarmed Combat | |  3.0

Action                     |  1- 3 |  4- 6 |  7- 9 || total
---------------------------+-------+-------+-------++-------
  Melee: Unarmed           |    70 |    95 |   142 ||   307
         Tentacles         |    12 |    17 |    29 ||    58
         Constrict         |    18 |    24 |    31 ||    73
         Punch             |     3 |     6 |    13 ||    22
  Throw: Dart              |       |       |     1 ||     1
  Evoke: Wand              |       |       |     7 ||     7
   Stab: Sleeping          |    17 |    12 |    15 ||    44
         Invisible         |       |       |     2 ||     2
 Armour: Skin              |    18 |    29 |    40 ||    87
  Dodge: Dodged            |    27 |    50 |    70 ||   147

Levels and vault maps discovered:
D:1:      sevenhm_arrival_forest_fort_small_1, layout_basic,
          hangedman_decor_diamond_cutter
D:2:      layout_loops_ring, uniq_natasha
D:3:      layout_basic, nemelex_xobeh_ov_fountains_minmay
D:4:      layout_cave_pools, uniq_crazy_yiuf_cottage
D:5:      layout_rooms, portal_sewer_entry_f
D:6:      layout_gridville, gammafunk_temple_overflow_forgotten,
          lemuel_round_altar, nicolae_overflow_crystal_walls,
          minmay_temple_entry_proselytizer, serial_shops, shop,
          nicolae_ossuary_entry_giza, chequers_serial_rivers_micro_c,
          minmay_checkerbox

Notes
Turn   | Place    | Note
-------+----------+-------------------------------------------
     0 | D:1      | zeratav the Octopode Shapeshifter began the quest for the
                  | Orb.
     0 | D:1      | Reached XP level 1. HP: 13/13 MP: 1/1
     0 | D:1      | magus.rc [v1.9.6]
    35 | D:1      | Reached skill level 1 in Stealth
    63 | D:1      | Reached skill level 2 in Stealth
   124 | D:1      | Reached XP level 2. HP: 18/18 MP: 2/2
   252 | D:1      | You add the spells Sting, Mercury Vapours and Olgreb's
                  | Toxic Radiance to your library.
   303 | D:1      | Reached skill level 3 in Stealth
  1021 | D:1      | Reached XP level 3. HP: 23/23 MP: 3/3
  1116 | D:2      | Reached skill level 4 in Stealth
  1168 | D:2      | You add the spells Shock, Freeze and Hailstorm to your
                  | library.
  1168 | D:2      | Got the Catalogue of the Combative Glacier
  1469 | D:2      | Reached skill level 5 in Stealth
  1528 | D:2      | Reached XP level 4. HP: 27/28 MP: 4/4
  1590 | D:2      | Noticed Natasha
  1599 | D:2      | Killed Natasha
  1600 | D:2      | Reached skill level 2 in Fighting
  2016 | D:2      | Noticed Natasha
  2030 | D:2      | Killed Natasha
  2031 | D:2      | Reached XP level 5. HP: 20/36 MP: 5/5
  2117 | D:2      | Noticed Natasha
  2124 | D:2      | Killed Natasha
  2125 | D:2      | Reached skill level 3 in Fighting
  2384 | D:3      | Reached skill level 4 in Fighting
  2454 | D:3      | Found a sparkling altar of Nemelex Xobeh.
  2742 | D:3      | Reached XP level 6. HP: 44/44 MP: 6/6
  3199 | D:4      | Reached skill level 5 in Fighting
  3422 | D:4      | Reached skill level 4 in Shapeshifting
  3521 | D:4      | Found a runed translucent door.
  3522 | D:4      | Noticed Crazy Yiuf
  3564 | D:4      | Reached XP level 7. HP: 50/50 MP: 7/7
  3770 | D:4      | Killed Crazy Yiuf
  3905 | D:5      | Entered Level 5 of the Dungeon
  3950 | D:5      | Reached skill level 5 in Shapeshifting
  4218 | D:5      | Found a glowing drain.
  4229 | D:5      | Reached skill level 6 in Shapeshifting
  4235 | Sewer    | Entered a sewer
  4302 | Sewer    | Reached XP level 8. HP: 48/55 MP: 5/8
  4863 | Sewer    | Reached skill level 7 in Shapeshifting
  5443 | D:6      | Found a glowing silver altar of Zin.
  5443 | D:6      | Found an ornate altar of the Wu Jian Council.
  5444 | D:6      | Found a sacrificial altar of Ru.
  5473 | D:6      | Found Jaotiros's Magic Scroll Boutique.
  5519 | D:6      | Reached skill level 8 in Shapeshifting
  5525 | D:6      | HP: 10/55 [something (5)]
  5527 | D:6      | HP: 1/55 [gnoll sergeant/+0 spear (4)]
  5528 | D:6      | Slain by a sky beast

Vanquished Creatures
  A black bear (D:6)
  An ogre (D:5)
  5 kobold brigands (Sewer)
  A scorpion (D:4)
  3 bombardier beetles
  An orc priest (D:5)
  Crazy Yiuf (D:4)
  2 hounds (D:5)
  4 iguanas
  A sleepcap (D:6)
  Natasha (thrice) (D:2)
  An orc wizard (D:5)
  12 adders
  6 gnolls
  2 river rats (Sewer)
  A shadow imp (D:5)
  2 dart slugs
  10 ribbon worms
  2 orcs
  6 ball pythons
  5 bats
  17 endoplasms
  3 giant cockroaches (D:5)
  9 goblins
  6 hobgoblins
  4 jackals
  5 quokkas
  A frilled lizard (D:1)
  9 kobolds
  7 rats
131 creatures vanquished.

Table legend:
 A = Non-vault XP
 B = Vault XP
 C = Vault XP percentage of total XP
 D = Non-vault monster count
 E = Vault monster count
 F = Vault count percentage of total count
                 A         B        C        D         E       F
            +---------+---------+-------+---------+---------+-------
      Total |    1247 |     635 |  33.7 |      97 |      34 |  26.0
            +---------+---------+-------+---------+---------+-------
        D:1 |      38 |       0 |   0.0 |      23 |       0 |   0.0
        D:2 |     132 |      35 |  21.0 |      19 |       1 |   5.0
        D:3 |     163 |       0 |   0.0 |      15 |       0 |   0.0
        D:4 |     254 |      39 |  13.3 |      20 |       1 |   4.8
        D:5 |     447 |       8 |   1.8 |      14 |       4 |  22.2
        D:6 |     213 |       0 |   0.0 |       6 |       0 |   0.0
      Sewer |       0 |     553 | 100.0 |       0 |      28 | 100.0
            +---------+---------+-------+---------+---------+-------

Skill      XL: |  1  2  3  4  5  6  7  8 |
---------------+-------------------------+-----
Stealth        | 2 3 5 |  5.0
Fighting       | 2 4 5 |  5.0
Shapeshifting  | 4 6 8 |  8.0
Dodging        | |  2.0
Unarmed Combat | |  3.0

Action                     |  1- 3 |  4- 6 |  7- 9 || total
---------------------------+-------+-------+-------++-------
  Melee: Unarmed           |    70 |    95 |   142 ||   307
         Tentacles         |    12 |    17 |    29 ||    58
         Constrict         |    18 |    24 |    31 ||    73
         Punch             |     3 |     6 |    13 ||    22
  Throw: Dart              |       |       |     1 ||     1
  Evoke: Wand              |       |       |     7 ||     7
   Stab: Sleeping          |    17 |    12 |    15 ||    44
         Invisible         |       |       |     2 ||     2
 Armour: Skin              |    18 |    29 |    40 ||    87
  Dodge: Dodged            |    27 |    50 |    70 ||   147

Illustrated notes

Table legend:
 A = Kills in this place as a percentage of kills in the entire game.
 B = Kills by you in this place as a percentage of kills by you in the entire game.
 C = Kills by friends in this place as a percentage of kills by friends in the entire game.
 D = Other kills in this place as a percentage of other kills in the entire game.
 E = Experience gained in this place as a percentage of experience gained in the entire game.
 F = Experience gained in this place divided by the number of levels of this place that you have seen.
                   A       B       C       D       E      F
               +-------+-------+-------+-------+-------+----------------------
         Total | 100.0 | 100.0 |   N/A |   N/A | 100.0 | 268.9
       Dungeon |  78.6 |  78.6 |   N/A |   N/A |  70.6 | 221.5
         Sewer |  21.4 |  21.4 |   N/A |   N/A |  29.4 | 553.0
               +-------+-------+-------+-------+-------+----------------------

Table legend: (Time is in decaauts)
 A = Elapsed time spent in this place.
 B = Non-inter-level travel time spent in this place.
 C = Inter-level travel time spent in this place.
 D = Time resting spent in this place.
 E = Time spent auto-exploring this place.
 F = Levels seen in this place.
 G = Mean time per level.
                   A        B        C        D        E       F      G
               +--------+--------+--------+--------+--------+-----+--------+
         Total |   5513 |   5158 |    355 |    252 |   3709 |   7 |  787.6 |
       Dungeon |   4575 |   4220 |    355 |    228 |   3042 |   6 |  762.5 |
         Sewer |    938 |    938 |      0 |     24 |    667 |   1 |  938.0 |
               +--------+--------+--------+--------+--------+-----+--------+

Top non-repeatable levels by time:
     D:1: 1105 daAuts
     D:2: 1057 daAuts
   Sewer: 938 daAuts
     D:3: 935 daAuts
     D:4: 870 daAuts
     D:5: 442 daAuts
     D:6: 163 daAuts
